[Event "GER-chT Youth Countries 2018"]
[Site "Wurzburg"]
[Date "2018.10.07"]
[Round "7"]
[White "Schneider, Jana"]
[Black "Pfreundt, Jakob"]
[Result "0-1"]
[ECO "C08"]
[WhiteElo "2174"]
[BlackElo "2358"]
[Annotator "ChessBase"]
[PlyCount "126"]
[EventDate "2018.10.03"]
[EventType "team-tourn"]
[EventCountry "GER"]
[SourceTitle "playchess.com"]
[Source "ChessBase"]
[SourceQuality "1"]
[TimeControl "40/5400+30:1800+30"]

1. e4 e6 2. d4 d5 3. Nd2 c5 4. exd5 exd5 5. Ngf3 Nf6 6. Bb5+ Bd7 7. Bxd7+ Nbxd7 8. O-O Be7 9. dxc5 Nxc5 10. Nb3 Nce4 11. Nbd4 Qc8 12. c3 O-O 13. Qd3 Re8 14. Ne2 Bf8 15. Be3 Nd6 16. Rad1 Qc4 17. b3 Qxd3 18. Rxd3 Nf5 19. Nf4 Nxe3 20. fxe3 Rac8 21. b4 a6 22. h4 g6 23. Nd4 Bh6 24. Nde2 Kg7 25. Rf3 Re5 26. Kf1 Rce8 27. Ke1 Bxf4 28. Nxf4 h6 29. Nh3 Re4 30. Nf4 R8e5 31. g3 g5 32. hxg5 hxg5 33. Ng2 Rc4 34. Kd1 Kg6 35. Kc2 Ne4 36. Kb2 Nd6 37. Rd4 Rxd4 38. cxd4 Re8 39. g4 Rh8 40. Kc1 Rh1+ 41. Kc2 Ne4 42. Kd3 Rd1+ 43. Ke2 Rd2+ 44. Kf1 Rxa2 45. Kg1 Ra1+ 46. Kh2 Rb1 47. Rf5 Nf6 48. Kg3 Rxb4 49. Ne1 Rb3 50. Re5 Ne4+ 51. Kf3 Rb5 52. Nd3 f6 53. Re8 Kf7 54. Rb8 Ke6 55. Re8+ Kd7 56. Rf8 b6 57. Rb8 Kc7 58. Ra8 a5 59. Ke2 Rb1 60. Ra7+ Kc6 61. Rf7 Rg1 62. Kf3 Rd1 63. Nb2 Rd2 0-1

[Event "GER-chT Youth Countries 2018"]
[Site "Wurzburg"]
[Date "2018.10.07"]
[Round "7"]
[White "Knuedel, Torben"]
[Black "Roseneck, Jonas"]
[Result "1/2-1/2"]
[ECO "C96"]
[WhiteElo "2135"]
[BlackElo "2262"]
[Annotator "ChessBase"]
[PlyCount "34"]
[EventDate "2018.10.03"]
[EventType "team-tourn"]
[EventCountry "GER"]
[SourceTitle "playchess.com"]
[Source "ChessBase"]
[SourceQuality "1"]
[TimeControl "40/5400+30:1800+30"]

1. e4 e5 2. Nf3 Nc6 3. Bb5 a6 4. Ba4 Nf6 5. O-O Be7 6. Re1 b5 7. Bb3 d6 8. c3 O-O 9. h3 Na5 10. Bc2 c5 11. d4 Nd7 12. Nbd2 exd4 13. cxd4 Nc6 14. a4 Bb7 15. Nf1 cxd4 16. Nxd4 Nxd4 17. Qxd4 Qc7 1/2-1/2

[Event "GER-chT Youth Countries 2018"]
[Site "Wurzburg"]
[Date "2018.10.07"]
[Round "7"]
[White "Koelle, Tobias"]
[Black "Doll, Alexander"]
[Result "1/2-1/2"]
[ECO "D35"]
[WhiteElo "2125"]
[BlackElo "2122"]
[Annotator "NA"]
[PlyCount "73"]
[EventDate "2018.10.03"]
[EventType "team-tourn"]
[EventCountry "GER"]
[SourceTitle "playchess.com"]
[Source "ChessBase"]
[SourceQuality "1"]
[TimeControl "40/5400+30:1800+30"]

1. d4 {[%emt 0:00:00] Marin,M} Nf6 2. c4 e6 3. Nc3 d5 4. cxd5 exd5 5. Bg5 Be7 6. e3 c6 7. Bd3 Ne4 8. Bxe7 Qxe7 9. Qc2 Nxc3 {[%emt 0:00:03] D35: Damengambit (Abtauschvariante)} 10. bxc3 Nd7 11. Ne2 g6 $146 ({Vorgänger:} 11... Nf6 12. O-O O-O 13. c4 dxc4 14. Qxc4 Rd8 15. Qc2 Bg4 16. Ng3 c5 17. h3 {½-½ (31) Comas Fabrego,L (2507)-Narciso Dublan,M (2530) Lorca 2005 CBM 111 [Marin,M]}) 12. O-O O-O 13. Rae1 c5 14. Ng3 Nf6 ({Better is} 14... c4 $1 $11 15. Be2 f5) 15. Qb1 Be6 16. f3 Qc7 17. e4 cxd4 18. cxd4 Qb6 19. Qa1 dxe4 20. Rb1 Qa5 (20... exd3 $11 {keeps the balance.} 21. Rxb6 axb6) 21. fxe4 Ng4 22. Qb2 ({Of course not} 22. Rxb7 $6 Qd2 $11) 22... Bxa2 23. Ra1 Qg5 24. Rxa2 ({Better is} 24. Rf3 $16 Be6 25. h3 (25. Qxb7 Rfb8 $14)) 24... Qe3+ $2 (24... Qh6 $11 {and Black stays safe.} 25. Rf3 Qxh2+ 26. Kf1 Qh4) 25. Kh1 Qxd3 26. Ra3 Qc4 27. h3 Nh6 28. Qd2 Kg7 29. Nh5+ gxh5 30. Qg5+ Kh8 31. Qf6+ Kg8 32. Ra5 (32. Rg3+ $14 Ng4 33. hxg4) 32... b5 33. Qg5+ Kh8 34. Qf6+ Kg8 $11 35. Qg5+ Kh8 36. Qf6+ Kg8 37. Qg5+ 1/2-1/2

[Event "GER-chT Youth Countries 2018"]
[Site "Wurzburg"]
[Date "2018.10.07"]
[Round "7"]
[White "Schmekel, Florian"]
[Black "Herbrig, Alexander"]
[Result "0-1"]
[ECO "E12"]
[WhiteElo "2106"]
[BlackElo "2277"]
[Annotator "ChessBase"]
[PlyCount "76"]
[EventDate "2018.10.03"]
[EventType "team-tourn"]
[EventCountry "GER"]
[SourceTitle "playchess.com"]
[Source "ChessBase"]
[SourceQuality "1"]
[TimeControl "40/5400+30:1800+30"]

1. d4 Nf6 2. c4 e6 3. Nf3 b6 4. a3 Bb7 5. Nc3 d5 6. cxd5 exd5 7. Bg5 Be7 8. g3 Ne4 9. Bxe7 Qxe7 10. Bg2 Nd7 11. O-O O-O 12. Rc1 f5 13. b4 c6 14. Ne1 Rac8 15. Nd3 Rfe8 16. Re1 Ba6 17. e3 Qf6 18. f4 Bxd3 19. Qxd3 Nxc3 20. Rxc3 b5 21. a4 a6 22. a5 Qe6 23. Kf2 Nf6 24. h3 Qd6 25. Rb3 Rf8 26. Kg1 Qe6 27. Bf3 g5 28. Kg2 Kh8 29. fxg5 Ne4 30. Bxe4 fxe4 31. Qe2 Rf3 32. Rc1 Rcf8 33. Rb2 h6 34. Rbc2 Qf5 35. Qe1 Qxg5 36. Rxc6 Rg8 37. g4 Rxe3 38. Qd1 Qh4 0-1

[Event "GER-chT Youth Countries 2018"]
[Site "Wurzburg"]
[Date "2018.10.07"]
[Round "7"]
[White "Mantel, Ruben"]
[Black "Yankelevich, Michael"]
[Result "1-0"]
[ECO "D00"]
[WhiteElo "2101"]
[BlackElo "1961"]
[Annotator "NA"]
[PlyCount "119"]
[EventDate "2018.10.03"]
[EventType "team-tourn"]
[EventCountry "GER"]
[SourceTitle "playchess.com"]
[Source "ChessBase"]
[SourceQuality "1"]
[TimeControl "40/5400+30:1800+30"]

1. d4 d5 2. Bf4 e6 3. e3 Nf6 4. c3 c5 5. Nd2 Nc6 6. Ngf3 Be7 7. Ne5 O-O 8. Bd3 h6 {[%emt 0:01:04] D02: 1 d4 d5 2 Nf3 sidelines, including 2...Nf6 3 g3 and 2...Nf6 3 Bf4} (8... Bd6 9. Ndf3 Qc7 10. h4 Ne4 11. Qc2 f6 12. Nxc6 Bxf4 13. exf4 Qxc6 14. dxc5 f5 15. b4 Qc7 16. Ne5 {0-1 (34) Wei,Y (2729)-So,W (2780) chess.com INT 2018}) 9. h4 cxd4 10. exd4 Nd7 11. Ndf3 $146 ({Predecessor:} 11. Nxd7 Bxd7 12. Qh5 f5 13. O-O-O Be8 14. Qe2 Bf7 15. g4 Rc8 16. Kb1 {1-0 (42) Gutierrez,O (1960)-Flores Talavera,L (2043) Managua 2018}) 11... Ndxe5 12. dxe5 f6 13. Qd2 fxe5 14. Nxe5 Nxe5 15. Bxe5 Bxh4 16. g3 Bg5 ({Black should play} 16... Bf6 $15 17. Rh5 Qb6) 17. f4 Bf6 18. O-O-O Qb6 $2 ({Black should play} 18... Bxe5 $11 19. fxe5 Qb6) 19. Bc2 (19. Bxf6 $16 Rxf6 20. Bc2) 19... Bxe5 20. fxe5 Rf3 ({Don't play} 20... Rf2 $6 21. Qd3 $16) 21. Rhf1 Qe3 22. Rxf3 Qxf3 23. c4 Qxg3 24. cxd5 Qxe5 25. Qd3 Qf5 $2 (25... exd5 $17 26. Rf1 Qg5+ 27. Kb1 g6) 26. Qb5 Qf4+ 27. Kb1 exd5 28. Qxd5+ Kf8 29. Qc5+ Kf7 30. Bb3+ Be6 31. Rd7+ Kg6 32. Bxe6 Qf1+ 33. Kc2 Qe2+ 34. Kc1 Qf1+ 35. Rd1 Qf4+ 36. Kb1 Qe4+ 37. Ka1 Qxe6 38. Rd6 Re8 39. a4 a6 $18 40. Qb6 Kf6 41. Rxe6+ Rxe6 42. Qxb7 g5 43. Qh7 Ke5 44. Qg7+ Kf5 45. b4 h5 46. Qh7+ Kg4 47. Qd7 Kf5 48. b5 axb5 49. axb5 h4 50. b6 Ke5 51. b7 Ra6+ 52. Kb2 Rb6+ 53. Kc3 Rxb7 54. Qxb7 Kf4 55. Kd3 Kg3 56. Ke3 g4 57. Qc7+ Kg2 58. Kf4 h3 59. Qc2+ Kh1 60. Kg3 1-0

[Event "GER-chT Youth Countries 2018"]
[Site "Wurzburg"]
[Date "2018.10.07"]
[Round "7"]
[White "Burian, Simon"]
[Black "Fromm, Marius"]
[Result "1/2-1/2"]
[ECO "C51"]
[WhiteElo "2091"]
[BlackElo "2022"]
[Annotator "NA"]
[PlyCount "68"]
[EventDate "2018.10.03"]
[EventType "team-tourn"]
[EventCountry "GER"]
[SourceTitle "playchess.com"]
[Source "ChessBase"]
[SourceQuality "1"]
[TimeControl "40/5400+30:1800+30"]

1. e4 e5 2. Nf3 Nc6 3. Bc4 Bc5 4. b4 Bxb4 5. c3 Be7 {[%emt 0:00:32] LiveBook: 301 Games} 6. d4 Na5 7. Nxe5 Nxc4 8. Nxc4 d5 9. exd5 Qxd5 10. Ne3 Qd8 11. O-O Nf6 12. c4 O-O 13. Nc3 c6 14. a4 {[%emt 0:05:47] C51: Evans Gambit: Declined and Accepted without 5...Ba5} (14. Rb1 Rb8 15. Bb2 b5 16. Ba1 Bd7 17. d5 b4 18. d6 Bxd6 19. Qxd6 bxc3 20. Qd3 Be6 21. Qxc3 Qc7 22. Rxb8 Rxb8 {1-0 (51) Hector,J (2614)-Ernst,T (2504) Sweden 2009}) 14... Qa5 $146 ({Predecessor:} 14... a5 15. Ba3 Re8 16. Bxe7 Qxe7 17. Qf3 Rb8 18. Rab1 Qa3 19. Nc2 Qd6 20. c5 Qc7 21. Ne3 Be6 22. h3 Red8 23. Rfd1 Rd7 24. Nf5 Bxf5 25. Qxf5 Rbd8 26. Ne4 Nxe4 {0-1 (26) Negru,L (1558)-Van Lieshout,H (1351) IECC email 2002}) 15. Bb2 Rd8 16. Qf3 Be6 17. Rfd1 Bb4 18. Ne2 Qh5 19. Qxh5 Nxh5 20. h3 Be7 21. d5 cxd5 22. cxd5 Bd7 23. g4 Bf6 24. Rdb1 Bxb2 25. Rxb2 Nf6 26. Rxb7 Bc8 27. Rc7 ({White should play} 27. Rb2 $16) 27... Nxd5 28. Rd1 Be6 (28... Bxg4 $5 29. Rxd5 Bxe2 $11) 29. Nxd5 Rxd5 30. Rxd5 Bxd5 31. Nc3 Be6 32. f4 Rc8 33. Rxc8+ Bxc8 34. Kf2 h5 $11 1/2-1/2

[Event "GER-chT Youth Countries 2018"]
[Site "Wurzburg"]
[Date "2018.10.07"]
[Round "7"]
[White "Pubantz, Jan"]
[Black "Zeuner, Ole"]
[Result "1-0"]
[ECO "E11"]
[WhiteElo "2084"]
[BlackElo "1865"]
[Annotator "NA"]
[PlyCount "83"]
[EventDate "2018.10.03"]
[EventType "team-tourn"]
[EventCountry "GER"]
[SourceTitle "playchess.com"]
[Source "ChessBase"]
[SourceQuality "1"]
[TimeControl "40/5400+30:1800+30"]

1. d4 Nf6 2. c4 e6 3. Nf3 Bb4+ 4. Bd2 Be7 {E11: Damenindisch (Bogoljubow-Variante)} (4... a5 5. g3 b6 6. Bg2 Bb7 7. O-O O-O 8. Bf4 Be7 9. Nc3 Ne4 10. Nb5 c6 11. Nc7 Ra7 12. Qb3 d6 13. Qxb6 Nd7 14. Qxa7 Qxc7 15. d5 c5 16. dxe6 Nb8 17. Nd4 cxd4 18. Bxe4 {1-0 (28) Xiong,J (2651)-Le,Q (2715) chess.com INT 2018}) 5. g3 O-O 6. Bg2 c5 7. O-O Nc6 8. Bc3 d5 9. dxc5 $146 ({Vorgänger:} 9. Nbd2 Rb8 10. b3 Ne4 11. Bb2 Nxd2 12. Nxd2 dxc4 13. dxc5 Bxc5 14. Nxc4 Qxd1 15. Rfxd1 {½-½ (29) Caldarola,S (1809)-Mazzarella,A (2028) Porto San Giorgio 2011}) 9... dxc4 10. Qc2 Qc7 11. Na3 Nd5 12. Nb5 Qb8 13. Bd2 a6 14. Nbd4 Nxd4 15. Nxd4 Bxc5 16. Qxc4 Qd6 17. Nb3 Bb6 18. e4 Qc7 $1 19. Qe2 Nf6 20. Rac1 Qd8 (20... Qe7 $14) 21. Bb4 Re8 22. Rfd1 Bd7 23. e5 Nd5 24. Bxd5 exd5 25. Rxd5 Bb5 26. Rxd8 Bxe2 27. Rxa8 Rxa8 28. Ba5 Bxa5 29. Nxa5 Bf3 30. Rc3 Bd5 31. f4 b6 32. Nc4 Bxc4 $18 33. Rxc4 Kf8 34. Kf2 Ra7 35. Rc6 Rb7 36. Ke3 Ke7 37. Ke4 Kd7 38. Kd5 a5 39. f5 Ke7 40. Rd6 g6 41. f6+ Ke8 42. e6 1-0

[Event "GER-chT Youth Countries 2018"]
[Site "Wurzburg"]
[Date "2018.10.07"]
[Round "7"]
[White "Engel, Robert"]
[Black "Oberhofer, Cedric"]
[Result "1/2-1/2"]
[ECO "B30"]
[WhiteElo "2059"]
[BlackElo "2213"]
[Annotator "NA"]
[PlyCount "97"]
[EventDate "2018.10.03"]
[EventType "team-tourn"]
[EventCountry "GER"]
[SourceTitle "playchess.com"]
[Source "ChessBase"]
[SourceQuality "1"]
[TimeControl "40/5400+30:1800+30"]

1. e4 c5 2. Nf3 Nc6 3. Bb5 d6 4. O-O Bd7 5. Re1 Nf6 6. c3 a6 7. Ba4 b5 8. Bc2 Bg4 9. h3 Bxf3 10. Qxf3 g6 {[%emt 0:00:08] B51: Sicilian: Moscow Variation (3 Bb5+) without 3...Bd7} 11. d3 (11. a4 Rb8 12. axb5 axb5 13. Qd1 Bh6 14. Na3 O-O 15. Bd3 c4 16. Bf1 Na5 17. d3 Bxc1 18. Rxc1 cxd3 19. Qxd3 {½-½ (25) Andriasian,Z (2612)-Moiseenko,A (2695) Jerusalem 2015}) 11... Bg7 12. Be3 Nd7 13. Qg3 $146 ({Predecessor:} 13. Nd2 O-O 14. a3 a5 15. Rac1 a4 16. Bb1 b4 17. Qd1 b3 18. f4 {½-½ (36) Tyulenko,Y (2452)-Petersons,I (2318) ICCF email 2013}) 13... O-O 14. f4 Rb8 15. h4 Nf6 16. f5 Ne5 17. Nd2 Kh8 18. Nf3 Nxf3+ 19. Qxf3 Rc8 20. g4 Nd7 21. h5 ({White should try} 21. Rab1 $14) 21... e6 ({Better is} 21... gxf5 $15 22. exf5 (22. Qxf5 e6 $17) (22. gxf5 b4 $17) 22... Bf6) 22. Re2 g5 (22... exf5 $11 23. gxf5 Ne5) 23. h6 Bf6 24. Rh2 ({Better is} 24. Rd1 $14) 24... Ne5 25. Qe2 d5 26. d4 cxd4 27. cxd4 $2 {[#]} (27. Bxd4 $11 exf5 28. exf5) 27... Rxc2 $1 28. Qxc2 Nf3+ (28... Nxg4 $17 29. e5 Nxe3) 29. Kg2 Nxh2 30. Kxh2 dxe4 31. Qxe4 Re8 32. Bf2 Qd6+ 33. Kg2 Rd8 {[%emt 0:04:49] [#]} 34. Rc1 $1 exf5 35. Qxf5 ({White must play} 35. gxf5 $16 Qf8 36. Rc6) 35... Kg8 (35... Bxd4 $14 36. Bxd4+ Qxd4) 36. b3 Qe6 37. Qf3 Be7 38. Rc6 Rd6 39. Rxd6 (39. d5 $5 Qd7 40. Rxd6 Qxd6 41. Qf5 $14) 39... Bxd6 40. Bg3 $1 Kf8 (40... Bb4 $11) 41. Qa8+ Ke7 42. Bxd6+ (42. Qb7+ Kf8 43. Bxd6+ Qxd6 44. Qc8+ Ke7 45. Qc5) 42... Qxd6 43. Qe4+ Kf8 44. Qa8+ Ke7 45. Qe4+ Kf8 46. d5 Qxh6 47. Qe5 Qg6 48. d6 Qc2+ 49. Kg1 $11 1/2-1/2

[Event "GER-chT Youth Countries 2018"]
[Site "Wurzburg"]
[Date "2018.10.07"]
[Round "7"]
[White "Musiolik, David"]
[Black "Astner, Sebastian"]
[Result "1-0"]
[ECO "B15"]
[WhiteElo "2057"]
[BlackElo "1849"]
[Annotator "NA"]
[PlyCount "105"]
[EventDate "2018.10.03"]
[EventType "team-tourn"]
[EventCountry "GER"]
[SourceTitle "playchess.com"]
[Source "ChessBase"]
[SourceQuality "1"]
[TimeControl "40/5400+30:1800+30"]

1. e4 c6 2. d4 d5 3. Nc3 dxe4 4. Nxe4 Nf6 5. Nxf6+ exf6 6. Bf4 Bd6 {[%emt 0:01:01] B15: Caro-Kann (Flohr-Variante)} (6... Be7 7. Nf3 O-O 8. Bc4 Nd7 9. c3 Nb6 10. Bd3 Nd5 11. Bg3 Re8 12. Qc2 Bf8+ 13. Kf1 h6 14. Re1 {½-½ (30) Prinzjakowitsch,B (2138)-Pitl,G (2393) Austria 2018}) 7. Bxd6 Qxd6 8. Qd2 Be6 9. Nf3 Nd7 10. c4 $146 ({Vorgänger:} 10. Be2 O-O 11. O-O Nb6 12. Rfe1 Rfd8 13. c3 c5 14. Qc2 {1-0 (64) Gomes,J (1996)-Arruda Filho,I (1826) Joao Pessoa 2017}) 10... Qe7 11. Qe3 Qb4+ 12. Qd2 Qe7 13. O-O-O Nb6 14. Qc3 O-O 15. Kb1 Rfd8 16. h3 Bf5+ 17. Bd3 Bxd3+ 18. Qxd3 Qb4 19. Rc1 Rd7 20. a3 Qa4 21. Rhe1 Rad8 22. Qf5 g6 23. Qc2 Qxc2+ 24. Rxc2 Kf8 25. b3 Na8 26. Rd2 Nc7 27. Red1 Ne6 28. g3 h5 29. Kb2 Ng5 30. Nxg5 fxg5 31. Kc3 f5 32. Re1 Kf7 33. h4 gxh4 34. gxh4 Re7 35. Rxe7+ Kxe7 36. Re2+ Kf6 37. f4 Rd7 38. Re5 b6 39. b4 a6 40. a4 Rc7 41. b5 axb5 42. axb5 c5 43. dxc5 bxc5 44. Re8 Kf7 45. Ra8 Ke6 46. Ra6+ Kf7 47. b6 Rc8 48. b7 Rb8 49. Rb6 Kg7 50. Kb3 g5 51. fxg5 f4 52. Kc3 f3 53. Kd2 1-0

[Event "GER-chT Youth Countries 2018"]
[Site "Wurzburg"]
[Date "2018.10.07"]
[Round "7"]
[White "Joeres, Stefan"]
[Black "Walter, Kevin"]
[Result "1-0"]
[ECO "B90"]
[WhiteElo "2043"]
[BlackElo "2190"]
[Annotator "NA"]
[PlyCount "143"]
[EventDate "2018.10.03"]
[EventType "team-tourn"]
[EventCountry "GER"]
[SourceTitle "playchess.com"]
[Source "ChessBase"]
[SourceQuality "1"]
[TimeControl "40/5400+30:1800+30"]

1. e4 c5 2. Nf3 d6 3. d4 cxd4 4. Nxd4 Nf6 5. Nc3 a6 6. a3 e6 {[%emt 0:01:13] B90: Sicilian Najdorf: Unusual White 6th moves, 6 Be3 Ng4 and 6 Be3 e5} (6... e5 7. Nf3 Be7 8. Bc4 O-O 9. Bg5 Be6 10. Bxf6 Bxc4 11. Bxe7 Qxe7 12. Nd2 Be6 13. Nf1 Nd7 14. Ne3 Nf6 15. O-O Rac8 16. Qd3 Rc6 17. Rfd1 Rfc8 18. f3 g6 19. Kh1 Kg7 20. Qd2 {½-½ (20) Anand,V (2782)-Nepomniachtchi,I (2729) Riadh 2017}) 7. Be3 Nbd7 8. Nb3 ({Günstiger ist} 8. g4 $14) 8... Be7 9. Be2 Qc7 10. f4 b5 11. Bf3 Bb7 12. O-O O-O 13. Qe1 Rac8 $146 ({Predecessor:} 13... Nb6 14. Nd2 {0-1 (73) Saif,M (1956)-Badghisi,J Ashkhabad 2017}) 14. Qf2 e5 15. f5 Nc5 16. Nxc5 dxc5 17. Rad1 Rfd8 18. Bg5 b4 19. Bxf6 Bxf6 20. Nb1 a5 21. Qe2 c4 22. c3 bxa3 23. Nxa3 Ba6 24. Rd5 Rb8 25. g3 Be7 26. Kh1 Rxd5 27. exd5 Rb3 28. Nb1 Bd6 29. f6 {[%emt 0:03:21] [#]} (29. Rc1 $15) 29... g6 $1 ({Weaker is} 29... gxf6 30. Be4 $14) 30. Be4 (30. Rc1 $17) 30... Qc5 31. Qd2 Bb7 (31... Qc8 $19 32. Na3 Qb8) 32. Rf2 Bf8 33. Re2 (33. Kg2 $17) 33... Bc8 34. Kg2 Bg4 35. Rf2 Qb6 ({Black should play} 35... Qc8 $17 36. h4 Bc5) 36. Na3 Qc5 37. h3 Bc8 38. Qe2 Ba6 39. h4 Bh6 40. h5 Be3 41. Rf1 Bh6 42. hxg6 hxg6 43. Rh1 (43. Kh1 $11 {remains equal.}) 43... Qe3 (43... Bg5 $17 44. Rf1 Rb6 45. Bxg6 Qxd5+ 46. Be4 {[#]} Rxb2 $1 47. Bxd5 Rxe2+ 48. Rf2 Rxf2+ 49. Kxf2 e4) 44. Qxe3 Bxe3 45. Rb1 Bg5 46. Bf3 Bxf6 47. Be2 e4 48. Bxc4 Bxc4 49. Nxc4 Bxc3 50. d6 Bf6 (50... f5 $15 51. Rd1 Bf6) 51. Nxa5 Rd3 52. Nc4 Bg7 53. Ra1 Bf8 54. Ra6 f5 55. b4 g5 $2 (55... Rd5 $11 {and Black has nothing to worry.}) 56. b5 f4 57. gxf4 gxf4 58. b6 Bxd6 (58... Rg3+ $142 59. Kf1 Rf3+ 60. Ke1 Rb3) 59. Nxd6 Rxd6 {[%emt 0:01:41] [#]} 60. b7 $1 Rd2+ 61. Kf1 Rd1+ 62. Ke2 Rb1 63. Ra8+ Kf7 64. b8=Q Rxb8 65. Rxb8 Ke6 66. Rb5 Kf6 67. Kd2 Ke6 68. Kc3 f3 69. Kd4 f2 70. Rb1 Kf5 71. Ke3 Kg4 72. Kxf2 1-0

[Event "GER-chT Youth Countries 2018"]
[Site "Wurzburg"]
[Date "2018.10.07"]
[Round "7"]
[White "Hund, Sarah"]
[Black "Lesny, Florian"]
[Result "1-0"]
[ECO "B23"]
[WhiteElo "2023"]
[BlackElo "2073"]
[Annotator "NA"]
[PlyCount "65"]
[EventDate "2018.10.03"]
[EventType "team-tourn"]
[EventCountry "GER"]
[SourceTitle "playchess.com"]
[Source "ChessBase"]
[SourceQuality "1"]
[TimeControl "40/5400+30:1800+30"]

1. e4 c5 2. Nc3 a6 3. g3 b5 4. Bg2 Bb7 5. d3 e6 6. Nh3 Be7 {[%emt 0:04:03] B23: Closed Sicilian: Lines without g3} (6... b4 7. Ne2 d5 8. e5 Nc6 9. f4 Nh6 10. Nf2 Nf5 11. O-O Qb6 12. c3 Be7 13. g4 Nh4 14. Bh1 {0-1 (35) Yu,Y (2738)-Khismatullin,D (2639) Moscow 2017}) 7. O-O {[%emt 0:01:39] LiveBook: 3 Games} Nc6 8. f4 b4 $146 ({Predecessor:} 8... Nd4 9. Ne2 Qb6 10. c3 Nxe2+ 11. Qxe2 Nf6 12. f5 e5 13. Kh1 Qc6 14. Re1 {0-1 (45) Arjun,V (2325)-Suvrajit,S (2405) Biel 2007}) 9. Nb1 d5 10. Nd2 Nf6 11. e5 Ng8 12. f5 exf5 13. Nf3 Qd7 14. a3 bxa3 15. bxa3 h5 (15... Nd8 $14) 16. Nhg5 Nh6 (16... Bxg5 $16 {keeps fighting.} 17. Bxg5 Nd8) 17. Qe2 Nd8 18. Nh4 g6 {[%emt 0:02:37] [#]} (18... c4 $16) 19. e6 $1 Nxe6 20. Nxe6 Qxe6 21. Qxe6 fxe6 22. Nxg6 Rh7 (22... Bf6 $142) 23. Re1 Kd7 24. Nf4 $2 (24. Rb1 $18 Ra7 25. Nxe7 Kxe7 26. Rb6) 24... Ng4 (24... Bd6 $16 {might work better.}) 25. Nxe6 h4 26. c4 hxg3 27. hxg3 Nf6 28. Rb1 Bc6 29. Rb6 Bd6 30. Bf4 Bxf4 31. Nxf4 Kc7 32. Rxc6+ Kxc6 33. Nxd5 $18 {[%emt 0:00:20] Kxd5} 1-0

[Event "GER-chT Youth Countries 2018"]
[Site "Wurzburg"]
[Date "2018.10.07"]
[Round "7"]
[White "Leser, Katrin"]
[Black "Doll, Rebecca"]
[Result "1-0"]
[ECO "C75"]
[WhiteElo "2018"]
[BlackElo "1722"]
[Annotator "NA"]
[PlyCount "113"]
[EventDate "2018.10.03"]
[EventType "team-tourn"]
[EventCountry "GER"]
[SourceTitle "playchess.com"]
[Source "ChessBase"]
[SourceQuality "1"]
[TimeControl "40/5400+30:1800+30"]

1. e4 e5 2. Nf3 Nc6 3. Bb5 a6 4. Ba4 d6 5. c3 Bd7 6. d4 Nge7 7. O-O Ng6 8. d5 Nb8 9. Bxd7+ Nxd7 10. c4 {[%emt 0:00:31] C75: Ruy Lopez: Deferred Steinitz: 5 c3 Bd7 6 d4 without ...g6} a5 11. Nc3 Be7 12. Be3 h6 13. Qd2 O-O 14. a3 $146 ({Predecessor:} 14. b3 f5 15. exf5 Rxf5 16. Qc2 Qf8 17. Nd2 Nf4 {0-1 (37) Fomichenko,E (2445)-Karabakhtsian,A (2302) Anapa 2007}) 14... f5 (14... Nh4 $11 {remains equal.}) 15. exf5 Rxf5 16. Qc2 Qf8 17. Nd2 Qf7 18. Nde4 Rf8 19. Ng3 Rf4 20. Nb5 ({Much worse is} 20. Bxf4 $6 exf4 21. Nge4 f3 $11) 20... Bd8 21. b4 a4 22. Bxf4 exf4 23. Nd4 fxg3 24. fxg3 Bf6 25. Ne6 Re8 26. Qxa4 ({Avoid the trap} 26. Nxc7 $2 Bd4+ 27. Kh1 Bxa1 $19) 26... Qe7 (26... Ndf8 $17 27. c5 Nxe6 28. dxe6 Qxe6) 27. Rad1 Nb6 28. Qb3 Ne5 29. Rc1 c6 30. Nf4 Ng4 (30... cxd5 $15 31. cxd5 Qf7) 31. Qf3 $2 (31. dxc6 $14 {stays ahead.} bxc6 32. c5+ Nd5 33. Nxd5 cxd5 34. Qxd5+ Kh8 35. Qf3 (35. Qxd6 {gets mated.} Qe3+ 36. Kh1 Nf2+ 37. Kg1 Nh3+ 38. Kh1 Qg1+ 39. Rxg1 Nf2#)) 31... Qd7 32. h3 (32. dxc6 $15 bxc6 33. c5) 32... Ne3 33. dxc6 bxc6 34. Rfe1 Nexc4 $2 (34... Nbxc4 $19 35. Re2 d5) 35. Qh5 Bd4+ 36. Kh2 Re7 37. Ng6 Rf7 38. Re4 c5 39. Rce1 Ne5 $1 40. bxc5 Bxc5 41. Nxe5 dxe5 42. Qxe5 Rf5 43. Qb8+ Rf8 44. Re8 Nc8 {[%emt 0:03:40] [#]} (44... Rxe8 $16 {was necessary.} 45. Rxe8+ Kh7) 45. Rxf8+ $1 Bxf8 46. Rc1 Ne7 47. Rf1 Qc8 $2 (47... Ng6 48. Qb1 Ne7) 48. Qb3+ Kh7 49. a4 (49. Qf7 $142 Ng6 50. Rf6) 49... Nc6 $2 (49... Nf5 $16 50. a5 Bd6) 50. Qc2+ Kg8 $18 51. Rc1 Qa6 52. Qxc6 Qa5 53. Rd1 Qb4 54. Qb5 Qc3 55. a5 Qc2 56. Qd5+ Kh7 57. Qd3+ 1-0

[Event "GER-chT Youth Countries 2018"]
[Site "Wurzburg"]
[Date "2018.10.07"]
[Round "7"]
[White "Boehm, Jana"]
[Black "Kageler, Anton Paul"]
[Result "1-0"]
[ECO "B76"]
[WhiteElo "2001"]
[BlackElo "1459"]
[Annotator "NA"]
[PlyCount "85"]
[EventDate "2018.10.03"]
[EventType "team-tourn"]
[EventCountry "GER"]
[SourceTitle "playchess.com"]
[Source "ChessBase"]
[SourceQuality "1"]
[TimeControl "40/5400+30:1800+30"]

1. e4 c5 2. Nf3 d6 3. d4 cxd4 4. Nxd4 Nf6 5. Nc3 g6 6. Be3 Bg7 7. f3 O-O 8. Qd2 Nc6 9. O-O-O Nxd4 10. Bxd4 Be6 11. Kb1 Qc7 12. h4 Rfc8 13. h5 Qa5 14. a3 Nxh5 {[%emt 0:08:31] B76: Sicilian Dragon: Yugoslav Attack, 9 g4 and 9 0-0-0} (14... Rab8 15. hxg6 hxg6 16. Ne2 Qxd2 17. Rxd2 a6 18. Nf4 Bc4 19. Bxc4 Rxc4 20. Bxf6 Bxf6 21. Nd5 Bg5 22. f4 e6 23. fxg5 exd5 24. exd5 {0-1 (87) Fedorchuk,S (2633)-Dvirnyy,D (2444) Pavia 2009}) 15. Bxg7 Kxg7 16. g4 Nf6 {[%emt 0:04:39] [#]} (16... Rxc3 $1 $11 {remains equal.} 17. Qxc3+ Qxc3 18. bxc3 Nf4) 17. Qh6+ $1 {[%emt 0:03:54] LiveBook: 3 Games} Kg8 {[%emt 0:02:06] [#]} 18. Nd5 $1 Bxd5 19. exd5 Qc5 $2 (19... Qd8 20. g5 Qf8) 20. Bd3 Qd4 21. Bxg6 $2 $146 (21. c3 Qb6 22. g5) ({Predecessor:} 21. g5 Nh5 22. Rxh5 {1-0 (60) Wise,G-Yamaguchi,M ICCF corr 1996}) 21... Qxd1+ 22. Rxd1 fxg6 23. Qe3 Rc7 24. Re1 Kg7 25. Qd4 Kf7 26. Qf4 Kg8 27. Qd4 b5 28. c3 Kf7 29. g5 Nh5 30. Rh1 Rc4 31. Qe3 Rc5 32. Qe6+ $18 Kf8 33. Qd7 a6 34. Qb7 Rcc8 35. Re1 Re8 36. Rxe7 Rxe7 37. Qxa8+ Kf7 38. Qxa6 Ng3 39. Qxd6 Nf5 40. Qf6+ Kg8 41. Qb6 Re3 42. Qxb5 Rxf3 43. d6 1-0